Map: Simulacrum LE

Players

urumikanzaki - Winner!

  • Race: Zerg Zerg
  • League: Silver
  • Spawn Location: 5:00

Sheff

  • Race: Protoss Protoss
  • League: Platinum
  • Spawn Location: 11:00

VOD

Have the link to the VOD?

Description

Time

  • Played on: May 23, 2020, 11:21 a.m.
  • Length: 14:31
Show
View Real Time Build Order
Export as new Build Order

urumikanzaki Zerg - Winner!

Build Orders: Hatch First, Brood Lord Corruptor 

Get SALT Encoding   

  12  0:01  Drone  
  13  0:12  Overlord  
  13  0:17  Drone  
  14  0:43  Hatchery  
  14  0:47  Drone  
  14  0:50  Drone  
  14  0:54  Drone  
  16  1:09  Drone  
  17  1:13  Drone  
  18  1:25  Spawning Pool  
  17  1:27  Extractor  
  17  1:31  Drone x2  
  18  1:42  Drone  
  19  1:53  Overlord  
  19  2:10  Drone  
  19  2:13  Queen  
  19  2:15  Queen  
  24  2:18  Drone x4  
  28  2:28  Metabolic Boost  
  28  2:31  Zergling x4  
  30  2:49  Hatchery  
  29  2:55  Drone  
  29  2:56  Drone x3  
  33  3:13  Drone x3  
  33  3:14  Overlord  
  36  3:27  Overlord x3  
  35  3:42  Roach Warren  
  35  3:43  Lair  
  35  3:45  Drone  
  35  3:46  Drone x5  
  39  3:57  Zergling x4  
  39  3:58  Zergling x6  
  44  4:08  Zergling x4  
  44  4:09  Zergling x4  
  48  4:16  Drone x3  
  51  4:21  Extractor x2  
  51  4:22  Drone  
  50  4:34  Evolution Chamber  
  50  4:36  Evolution Chamber  
  50  4:37  Drone x2  
  50  4:52  Hatchery  
  49  4:56  Drone x2  
  49  4:57  Drone x3  
  54  5:02  Glial Reconstitution  
  54  5:10  Infestation Pit  
  54  5:12  Drone  
  54  5:14  Drone  
  55  5:16  Drone  
  55  5:17  Drone x6  
  55  5:18  Overlord  
  55  5:20  Overlord x3  
  62  5:47  Zerg Missile Weapons Level 1, Zerg Ground Armor Level 1  
  62  5:49  Hydralisk Den, Roach x3  
  67  5:50  Roach  
  69  5:57  Overlord x3  
  69  6:00  Extractor  
  69  6:01  Drone x3  
  71  6:20  Hydralisk  
  71  6:21  Hydralisk x4  
  81  6:25  Spore Crawler  
  81  6:27  Spore Crawler  
  81  6:31  Queen  
  81  6:32  Drone x4  
  85  6:35  Hatchery  
  84  6:43  Hydralisk x3  
  84  6:44  Hydralisk  
  92  6:47  Drone x2  
  94  7:02  Grooved Spines  
  94  7:15  Drone x3  
  97  7:16  Drone x3, Extractor  
  97  7:17  Extractor  
  98  7:34  Hydralisk x2  
  102  7:38  Hydralisk x3  
  102  7:39  Hydralisk x2  
  112  8:00  Hive  
  112  8:06  Spire  
  112  8:09  Hydralisk  
  112  8:10  Hydralisk  
  112  8:12  Zergling x2  
  116  8:13  Zergling x18  
  116  8:14  Muscular Augments  
  125  8:23  Overlord x4  
  125  8:24  Overlord x2  
  125  8:25  Overlord  
  125  8:29  Zerg Missile Weapons Level 2  
  125  8:53  Drone  
  125  8:54  Drone x3  
  125  8:55  Drone x2  
  131  8:59  Drone x14  
  145  9:08  Extractor x2  
  143  9:12  Hatchery  
  142  9:21  Pneumatized Carapace  
  142  9:36  Greater Spire  
  142  9:40  Zerg Ground Armor Level 2, Ultralisk Cavern  
  141  9:47  Drone x3, Extractor  
  141  9:48  Drone x3  
  141  9:49  Extractor  
  145  10:18  Hydralisk x13  
  145  10:19  Hydralisk  
  173  10:32  Hydralisk x2  
  173  10:33  Hydralisk x5, Hatchery  
  173  10:35  Overlord x2  
  179  10:55  Corruptor  
  179  10:56  Corruptor x7  
  194  11:10  Overlord x3  
  186  11:41  Brood Lord  
  186  11:42  Brood Lord x6  
  186  11:46  Zerg Flyer Weapons Level 1  
  200  11:48  Zerg Missile Weapons Level 3  
  197  12:14  Anabolic Synthesis  
  197  12:42  Hydralisk x12  
  195  12:48  Hydralisk  
  195  12:49  Hydralisk x11  
  193  12:57  Chitinous Plating  
  171  13:00  Hydralisk  
  171  13:01  Hydralisk x4  
  151  13:15  Ultralisk  
  151  13:17  Zergling x2  
  151  13:18  Zergling x12  
  148  13:38  Corruptor x5  
  152  13:47  Zergling x18  
  161  14:15  Extractor  
  161  14:16  Extractor  
Show
View Real Time Build Order
Export as new Build Order

Sheff Protoss 

Build Orders: Double Forge 

Get SALT Encoding   

  12  0:01  Probe  
  13  0:16  Pylon  
  13  0:18  Probe  
  14  0:31  Probe  
  15  0:43  Gateway  
  15  0:48  Gateway  
  15  0:53  Probe  
  16  1:05  Assimilator, Probe  
  17  1:25  Gateway  
  17  1:28  Probe  
  17  1:29  Pylon  
  18  1:36  Cybernetics Core  
  18  1:41  Probe  
  19  1:52  Assimilator  
  19  1:53  Probe  
  20  2:05  Probe  
  21  2:16  Nexus  
  21  2:20  Warp Gate (Chrono Boost), Probe  
  22  2:31  Stalker  
  24  2:40  Stalker  
  26  2:48  Probe  
  27  2:52  Stalker  
  29  3:03  Pylon  
  29  3:07  Stalker  
  31  3:21  Probe  
  32  3:58  Probe x2  
  34  4:08  Forge  
  34  4:10  Forge, Probe x2  
  34  4:14  Pylon  
  36  4:17  Pylon  
  36  4:22  Probe x2  
  36  4:23  Twilight Council  
  38  4:30  Shield Battery x2  
  38  4:34  Probe x2  
  40  4:45  Gateway  
  40  4:46  Gateway  
  40  4:47  Protoss Ground Armor Level 1 (Chrono Boost)  
  40  4:49  Probe  
  40  4:50  Probe  
  42  4:54  Blink (Chrono Boost)  
  42  4:56  Protoss Ground Weapons Level 1 (Chrono Boost)  
  42  5:10  Sentry  
  42  5:12  Stalker  
  46  5:15  Stalker  
  46  5:18  Probe x2  
  50  5:30  Probe x2  
  52  5:41  Pylon  
  52  5:42  Gateway  
  52  5:44  Gateway  
  52  5:46  Gateway  
  52  5:53  Probe x2  
  54  6:02  Assimilator  
  54  6:04  Assimilator  
  54  6:05  Probe x2  
  56  6:12  Stalker x2  
  56  6:13  Stalker x2  
  56  6:14  Stalker  
  66  6:34  Probe x2  
  66  6:38  Charge (Chrono Boost)  
  68  6:40  Protoss Ground Weapons Level 2  
  68  6:45  Protoss Ground Armor Level 2  
  68  7:06  Zealot x5  
  78  7:11  Pylon  
  78  7:12  Nexus  
  78  7:20  Pylon  
  78  7:29  Probe x2  
  80  7:41  Probe x2  
  80  7:43  Zealot  
  80  7:44  Zealot  
  86  7:45  Zealot  
  86  7:46  Pylon  
  86  7:48  Pylon  
  86  7:49  Pylon  
  86  7:50  Pylon  
  88  7:53  Probe x2  
  88  7:56  Templar Archives  
  90  8:05  Probe  
  91  8:14  Robotics Facility  
  91  8:15  Robotics Facility  
  91  8:28  Probe x3  
  91  8:33  Photon Cannon x2  
  94  8:34  High Templar x3, Shield Battery  
  94  8:35  High Templar, Shield Battery  
  94  8:37  High Templar  
  94  8:40  Probe x3  
  94  8:41  High Templar  
  109  8:52  Archon x2  
  109  8:53  Archon  
  109  8:59  Assimilator  
  109  9:00  Assimilator  
  109  9:03  Immortal x2  
  117  9:17  Probe  
  118  9:18  Probe x2  
  120  9:32  Pylon  
  120  9:33  Pylon  
  120  9:35  Pylon x2  
  120  9:37  Pylon  
  120  9:38  Probe x2  
  120  9:42  Warp Prism  
  124  9:51  High Templar x4  
  132  9:57  Archon x2  
  132  9:58  Zealot x2  
  132  9:59  Zealot x2  
  140  10:10  Gateway  
  140  10:12  Gateway  
  140  10:14  Gateway  
  140  10:15  Gateway  
  140  10:23  Observer x2  
  142  10:36  Zealot x2  
  142  10:37  Zealot x5  
  142  10:38  Zealot  
  158  10:49  Protoss Ground Weapons Level 3 (Chrono Boost)  
  158  10:51  Protoss Ground Armor Level 3 (Chrono Boost)  
  158  11:03  Stalker  
  158  11:04  Stalker x4  
  162  11:05  Stalker x2  
  162  11:06  Stalker  
  174  11:16  Zealot  
  174  11:17  Zealot x2  
  180  11:46  Nexus  
  180  11:47  Pylon  
  180  11:50  Pylon  
  180  11:53  Pylon  
  180  12:17  Zealot x7  
  180  12:18  Zealot x3  
  200  12:41  Photon Cannon  
  200  12:43  Photon Cannon  
  160  12:47  Photon Cannon  
  126  12:56  Zealot x2  
  126  12:57  Zealot x7  
  126  12:58  Zealot x3  
  126  13:05  Immortal  
  98  13:20  Stalker x3  
  98  13:21  Stalker x2  
  106  13:31  Zealot x4  
  70  13:46  Zealot x4  
  70  13:47  Zealot x3  
  84  13:55  High Templar x5  
  94  14:08  Archon x2  
Tags
 
Add a new tag
Caveats
  • Supply blocks, unpowered buildings, or Contaminate may cause inaccurate times.
  • Supply counts are checked every 10 seconds.